AoeStats
← Mr. Penis

Fortress

508513559Analyzed
4v4 RM · 8d ago on Sep 22, 2026· 17m 36s· 8 players
Game mode
Random Map
Map size
Huge
Population
200
Speed
Normal
Resources
Standard
Victory
Conquest
Starting age
Dark Age
Ending age
Imperial Age
RankedLock teamsTeams togetherTeam positionsShared explorationLock speedFull tech treeHidden civsTurbo modeCheats
Victory
Defeat
🇩🇪 Berbers · Germany
1272
+15
🇳🇱 Mongols · Netherlands
1258
+16
1247
+21
🇫🇷 Goths · France
1158
+19
🇨🇱 Britons · Chile
1265
-17
🇷🇺 Jurchens · Russia
1261
-17
🇺🇸 Burgundians · United States
1247
-17
🇯🇵 Goths · Japan
1215
-15
andulas97
4:46 Double-Bit Axe
4:43 Horse Collar
8:45 Feudal Age
12:28 Castle Age
10:53 Bow Saw
11:01 Heavy Plow
12:32 Wheelbarrow
11:47 Loom
12:37 Wheelbarrow
KJI
6:31 Feudal Age
11:30 Castle Age
9:52 Horse Collar
10:33 Double-Bit Axe
16:49 Heavy Plow
18:18 Wheelbarrow
bastianbps
7:20 Feudal Age
11:22 Castle Age
10:03 Double-Bit Axe
10:30 Horse Collar
11:06 Loom
12:13 Bow Saw
12:39 Heavy Plow
Mr. Penis
7:40 Feudal Age
8:53 Double-Bit Axe
11:50 Castle Age
11:01 Horse Collar
13:08 Bow Saw
14:13 Loom
16:24 Wheelbarrow
16:12 Fervor
Schrutef4rms
5:37 Feudal Age
6:03 Double-Bit Axe
5:59 Horse Collar
10:24 Gold Mining
13:24 Castle Age
12:31 Fletching
12:41 Padded Archer Armor
13:21 Loom
14:01 Bloodlines
14:52 Bodkin Arrow
alex.hoppus
6:47 Feudal Age
11:27 Castle Age
9:59 Scale Mail Armor
10:13 Double-Bit Axe
13:39 Chain Mail Armor
16:27 Forging
16:48 Squires
SmoothCriminal
8:31 Feudal Age
12:08 Castle Age
10:09 Double-Bit Axe
10:34 Horse Collar
13:38 Bow Saw
13:35 Heavy Plow
GAMARÚS de CAGABANDÚRRIES
8:00 Feudal Age
9:32 Double-Bit Axe
11:58 Castle Age
10:21 Horse Collar
14:45 Heavy Plow
15:11 Loom
16:03 Wheelbarrow
Connection lost

Rejoining the realm…

Still unreachable

The connection could not be restored.

Session expired

The server has moved on; the page needs a fresh start.